 Dungeon Crawl Stone Soup version 0.25-a0-1136-gc1285e62ab (webtiles) character file.

Game seed: 3036477452831446189, levelgen mode: deterministic

600 DerDa the Chiller (level 7, -10/46 HPs)
             Began as a Merfolk Ice Elementalist on May 23, 2020.
             Was an Initiate of Sif Muna.
             Splashed by Ijyb's acid (14 damage)
             ... on level 4 of the Dungeon.
             The game lasted 00:14:33 (4951 turns).

DerDa the Chiller (Merfolk Ice Elementalist)        Turns: 4951, Time: 00:14:34

Health: -10/46     AC:  0    Str:  9    XL:     7   Next: 41%
Magic:  10/13      EV: 15    Int: 16    God:    Sif Muna [......]
Gold:   138        SH:  0    Dex: 14    Spells: 4/15 levels left

rFire    + . .     SeeInvis +   u - +0 spear (vamp)
rCold    . . .     Gourm    .   (no shield)
rNeg     . . .     Faith    .   s - +2 robe {rF+}
rPois    .         Spirit   .   (no helmet)
rElec    .         Reflect  .   (no cloak)
rCorr    .         Harm     .   (no gloves)
MR       .....                  (no boots)
Stlth    ++........             (no amulet)
HPRegen  0.15/turn              j - ring of see invisible
MPRegen  0.13/turn              (no ring)

@: corroded, frozen ramparts
A: change form in water, swift swim, stealthy swim
a: Renounce Religion


You were on level 4 of the Dungeon.
You worshipped Sif Muna.
Sif Muna was noncommittal.
You were very hungry.

You visited 2 branches of the dungeon, and saw 5 of its levels.

You collected 138 gold pieces.

Inventory:

Hand Weapons
 i - a +0 club
 u - a +0 vampiric spear (weapon)
Missiles
 e - 95 stones
 h - 5 silver boomerangs (quivered)
Armour
 a - a +0 robe
 s - a +2 robe of fire resistance (worn)
Jewellery
 j - a ring of see invisible (left hand)
Scrolls
 b - 2 scrolls of fog {unknown}
 d - 2 scrolls of enchant weapon {unknown}
 k - 4 scrolls of enchant armour {unknown}
 m - 2 scrolls of remove curse {unknown}
 n - 4 scrolls of identify {unknown}
 t - a scroll of teleportation {unknown}
Potions
 f - 2 potions of curing
 g - a potion of lignification
 l - 2 potions of might
 o - a potion of invisibility {unknown}
 q - a potion of haste {unknown}
 r - a potion of degeneration {unknown}
Comestibles
 c - 3 rations


   Skills:
 + Level 4.9 Dodging
 - Level 2.1 Stealth
 * Level 4.6 Spellcasting
 * Level 1.3 Conjurations
 * Level 6.7 Ice Magic
 + Level 1.0 Invocations


You had 4 spell levels left.
You knew the following spells:

 Your Spells              Type           Power        Failure   Level  Hunger
a - Freeze                Ice            ####         1%          1    None
b - Frozen Ramparts       Ice            ####..       3%          3    ###....
c - Ozocubu's Armour      Chrm/Ice       ##......     12%         3    ###....
d - Hailstorm             Conj/Ice       ###.....     30%         4    ####...

Your spell library contained the following spells:

 Spells                   Type           Power        Failure   Level  Hunger
 Summon Ice Beast         Ice/Summ       ##......     36%         4    ####...


Dungeon Overview and Level Annotations

Branches:
Dungeon (4/15)             Temple (1/1) D:4

Altars:
Ashenzari
Cheibriados
Dithmenos
Elyvilon
Fedhas
Gozag
Hepliaklqana
Kikubaaqudgha
Makhleb
Nemelex Xobeh
Okawaru
Qazlal
Ru
Sif Muna
Trog
Uskayaw
Wu Jian
Xom
Yredelemnul
Zin
The Shining One

Annotations:
D:4 Ijyb


Message History

Casting: Freeze (safe; 1% risk of failure)
Confirm with . or Enter, or press ? or * to list all spells.
The walls around you are covered in ice.
Attack whom?
Press: ? - help, Dir - move target cursor, f - Ijyb
Aim: Ijyb, wearing a +0 leather armour and carrying a wand of acid (8)
You reach to attack!
You hit Ijyb but do no damage.
The wall freezes Ijyb.
Ijyb zaps a wand.
The bolt of acid hits you! The acid corrodes you!
You are splashed with acid!
The wall freezes Ijyb.
You are too injured to fight recklessly!
The wall freezes Ijyb.
Attack whom?
Press: ? - help, Dir - move target cursor, f/p - Ijyb
Aim: Ijyb, wearing a +0 leather armour and carrying a wand of acid (7) (moderately wounded)
You reach to attack!
You closely miss Ijyb.
Ijyb is moderately wounded.
The wall freezes Ijyb.
Ijyb zaps a wand.
The bolt of acid hits you!!
* * * LOW HITPOINT WARNING * * *
You are splashed with acid!
You die...

.##########.##.# .#
...#.# .# ...#.# ##
....#.# #####.# #...#
#.### #.#########
#.#..@.g..#
#.#.#####.# #.#.# .#
#.#.# .# #.#.#####.#
###########.#.....#g#
#...........#####.#.#
#.########### #.#.#
#.....# #########.#


You could see Ijyb.

Vanquished Creatures
  Grinder (D:3)
  An ogre (D:4)
  A hound (D:4)
  An orc wizard (D:3)
  Terence (D:3)
  3 worker ants (D:4)
  4 gnolls (D:4)
  4 adders (D:3)
  An ooze (D:4)
  3 worms
  A leopard gecko (D:2)
  8 orcs
  7 bats
  3 giant cockroaches (D:1)
  7 goblins
  4 hobgoblins
  6 jackals
  2 quokkas
  A ball python (D:2)
  A ball python skeleton (D:4)
  6 frilled lizards
  9 kobolds
  9 rats
  A butterfly (D:4)
85 creatures vanquished.

Notes
Turn   | Place    | Note
-------+----------+-------------------------------------------
     0 | D:1      | DerDa the Merfolk Ice Elementalist began the quest for the
                  | Orb.
     0 | D:1      | Reached XP level 1. HP: 13/13 MP: 3/3
   371 | D:1      | Reached XP level 2. HP: 19/19 MP: 1/5
  1054 | D:1      | Reached XP level 3. HP: 24/24 MP: 4/6
  1196 | D:2      | Learned a level 3 spell: Frozen Ramparts
  1200 | D:2      | Learned a level 3 spell: Ozocubu's Armour
  1567 | D:2      | Reached skill level 5 in Ice Magic
  2344 | D:3      | Reached XP level 4. HP: 25/30 MP: 4/8
  2586 | D:3      | Noticed Terence
  2645 | D:3      | Noticed Grinder
  2740 | D:3      | Paralysed by Grinder for 6 turns
  2763 | D:3      | Paralysed by Grinder for 2 turns
  2765 | D:3      | Killed Grinder
  2765 | D:3      | Reached skill level 6 in Ice Magic
  2765 | D:3      | Reached XP level 5. HP: 26/35 MP: 1/10
  2765 | D:3      | Reached XP level 6. HP: 31/41 MP: 1/11
  3734 | D:3      | Killed Terence
  3781 | D:3      | Learned a level 4 spell: Hailstorm
  3841 | D:4      | Noticed a phantom
  4084 | D:4      | Found a staircase to the Ecumenical Temple.
  4097 | Temple   | Entered the Ecumenical Temple
  4211 | Temple   | Became a worshipper of Sif Muna the Loreminder
  4270 | D:4      | Reached XP level 7. HP: 45/46 MP: 3/13
  4450 | D:4      | Reached skill level 1 in Conjurations
  4507 | D:4      | Reached skill level 1 in Invocations
  4880 | D:4      | Noticed Ijyb
  4951 | D:4      | Splashed by Ijyb's acid

Illustrated notes

Levels and vault maps discovered:
D:1:      minmay_arrival_nine_rooms, layout_basic
D:2:      layout_basic, grunt_ministairs_1
D:3:      layout_loops_ring, serial_forest, infiniplex_forest_end_double,
          infiniplex_forest_clump_diagonal, infiniplex_forest_end_double,
          infiniplex_forest_straight_2, infiniplex_forest_lined_corner,
          infiniplex_forest_straight_2, infiniplex_forest_corner_1,
          grunt_ministairs_3, uniq_terence, uniq_grinder
D:4:      layout_basic, minmay_temple_entry_butterflies, uniq_ijyb
Temple:   kilobyte_greek_temple

Skill      XL: |  1  2  3  4  5  6  7 |
---------------+----------------------+-----
Dodging        | 3 4 |  4.9
Ice Magic      | 5 6 |  6.7
Spellcasting   | 3 4 |  4.6
Conjurations   | 1 |  1.3
Invocations    | 1 |  1.0
Stealth        | |  2.1

Action                   |  1- 3 |  4- 6 |  7- 9 || total
-------------------------+-------+-------+-------++-------
Melee: Unarmed           |    37 |       |       ||    37
       Club              |     8 |    25 |     5 ||    38
       Spear             |       |       |    23 ||    23
Throw: Boomerang         |     2 |     3 |       ||     5
 Cast: Freeze            |    62 |    57 |     7 ||   126
       Frozen Ramparts   |       |     8 |     9 ||    17
       Ozocubu's Armour  |       |     1 |     1 ||     2
  Use: Potion            |       |     4 |       ||     4
  Eat: Chunk             |     5 |     6 |     3 ||    14
Armor: Robe              |    20 |    19 |    10 ||    49
       Skin              |       |    10 |       ||    10
Dodge: Dodged            |    72 |    47 |    16 ||   135

Table legend:
 A = Non-vault XP
 B = Vault XP
 C = Vault XP percentage of total XP
 D = Non-vault monster count
 E = Vault monster count
 F = Vault count percentage of total count
                 A         B        C        D         E       F
            +---------+---------+-------+---------+---------+-------
      Total |     539 |     319 |  37.2 |      78 |       6 |   7.1
            +---------+---------+-------+---------+---------+-------
        D:1 |      35 |       0 |   0.0 |      22 |       0 |   0.0
        D:2 |      32 |       2 |   5.9 |      16 |       2 |  11.1
        D:3 |     134 |     317 |  70.3 |      25 |       4 |  13.8
        D:4 |     338 |       0 |   0.0 |      15 |       0 |   0.0
            +---------+---------+-------+---------+---------+-------
